Map: Pillars of Gold LE

Players

HeroMarine

  • Race: Terran Terran
  • League: Master
  • Spawn Location: 1:00

Denver - Winner!

  • Race: Zerg Zerg
  • League: Master
  • Spawn Location: 7:00

Event: StayAtHomestory Cup #2

VOD

Have the link to the VOD?

Description

Time

  • Played on: June 12, 2020, 10:33 a.m.
  • Length: 23:18

All games in this series

Show
View Real Time Build Order
Export as new Build Order

HeroMarine Terran 

Build Orders: 2 Factory, Reaper Expand 

Get SALT Encoding   

  12  0:00  SCV  
  13  0:12  SCV  
  14  0:17  Supply Depot  
  14  0:25  SCV  
  15  0:39  SCV  
  15  0:40  Barracks  
  16  0:44  Refinery  
  16  0:51  SCV  
  17  1:03  SCV  
  18  1:15  SCV  
  19  1:28  Reaper, Orbital Command  
  20  1:43  Command Center  
  20  1:53  Supply Depot  
  21  1:54  SCV  
  21  1:59  Marine  
  22  2:06  SCV  
  23  2:11  Factory  
  23  2:17  Refinery  
  23  2:18  SCV  
  24  2:26  Barracks Reactor  
  24  2:30  SCV  
  25  2:43  SCV  
  26  2:55  SCV  
  27  2:59  Factory  
  27  3:00  Orbital Command  
  27  3:07  SCV  
  27  3:09  Hellion x2  
  32  3:14  Starport  
  32  3:19  SCV  
  33  3:27  SCV  
  33  3:30  Hellion x2  
  33  3:33  SCV  
  39  3:38  Supply Depot  
  39  3:39  SCV  
  40  3:47  SCV  
  40  3:51  SCV  
  40  3:55  Medivac, Factory Tech Lab  
  42  3:59  SCV  
  43  4:05  SCV  
  43  4:09  Supply Depot  
  44  4:11  SCV  
  45  4:18  Hellion x3  
  45  4:19  Infernal Pre-Igniter  
  45  4:23  SCV  
  45  4:24  SCV  
  49  4:36  SCV x2  
  45  4:39  Hellion  
  41  4:48  SCV x2  
  41  4:50  Viking  
  43  5:00  SCV x2, Hellion  
  43  5:03  Hellion  
  49  5:07  Hellion  
  49  5:12  SCV x2  
  53  5:24  SCV x2  
  53  5:31  Hellion  
  53  5:33  Hellion  
  57  5:37  Hellion  
  61  5:46  Supply Depot  
  61  5:48  Armory  
  61  5:54  SCV  
  62  5:59  SCV  
  62  6:01  Supply Depot  
  61  6:05  Starport Tech Lab, Siege Tank  
  61  6:08  SCV  
  63  6:11  SCV  
  63  6:13  Barracks Tech Lab  
  64  6:18  Command Center  
  64  6:20  SCV  
  64  6:23  SCV  
  66  6:32  SCV, Stimpack, Marine  
  68  6:35  Barracks  
  68  6:36  SCV, Starport Reactor  
  68  6:39  Barracks  
  69  6:40  Siege Tank  
  69  6:44  SCV  
  73  6:48  SCV  
  73  6:50  Supply Depot  
  73  6:53  Siege Tank  
  77  6:58  Engineering Bay x2  
  77  7:00  SCV  
  78  7:11  SCV, Marine  
  78  7:12  SCV  
  78  7:13  Supply Depot  
  81  7:17  Refinery  
  81  7:18  Refinery  
  81  7:20  Starport Reactor  
  78  7:24  SCV x2  
  78  7:25  Marine  
  78  7:29  Marine  
  76  7:30  Marine, Siege Tank  
  76  7:36  SCV x2  
  66  7:48  SCV x2  
  66  7:50  Terran Infantry Weapons Level 1, Terran Infantry Armor Level 1  
  68  7:55  Siege Tank  
  68  7:56  Orbital Command  
  70  7:59  Supply Depot  
  70  8:00  SCV, Marine x3  
  70  8:03  Marine  
  70  8:04  Marine  
  76  8:11  Combat Shield  
  76  8:18  SCV  
  77  8:20  SCV  
  77  8:24  Marine x2  
  77  8:25  Orbital Command  
  84  8:27  Marine  
  84  8:29  Marine  
  84  8:30  SCV  
  84  8:32  SCV  
  84  8:34  Supply Depot x2  
  84  8:36  Missile Turret  
  84  8:41  Supply Depot  
  84  8:42  SCV  
  84  8:43  Supply Depot  
  84  8:47  Missile Turret  
  85  8:55  SCV x3, Marine x2, Siege Tank x2  
  96  8:58  Medivac  
  96  9:00  Medivac  
  100  9:07  SCV x3  
  100  9:09  Marine x3  
  106  9:12  Terran Vehicle Weapons Level 1  
  106  9:13  Marine  
  106  9:14  Refinery  
  107  9:18  Refinery  
  107  9:24  Supply Depot  
  107  9:25  Supply Depot  
  107  9:32  Barracks  
  107  9:33  Barracks  
  107  9:35  Medivac x2  
  111  9:42  Missile Turret, Thor  
  117  9:49  Thor  
  123  9:55  Marine x2  
  123  9:56  Marine x2  
  123  9:57  Marine  
  126  10:01  Supply Depot  
  126  10:08  Supply Depot  
  126  10:09  Supply Depot  
  126  10:12  Terran Infantry Weapons Level 2  
  128  10:14  Terran Infantry Armor Level 2  
  125  10:22  Marine x4  
  125  10:23  Barracks Reactor x2  
  125  10:24  Marine  
  125  10:27  Siege Tank  
  125  10:28  Missile Turret  
  133  10:33  Siege Tank  
  136  10:40  Marine x4  
  136  10:42  Marine  
  141  10:46  Supply Depot x2  
  141  10:49  SCV x2  
  143  10:50  SCV  
  143  10:54  Command Center  
  144  11:01  SCV  
  144  11:03  SCV  
  144  11:04  SCV  
  147  11:07  Marine x5  
  147  11:08  Sensor Tower  
  147  11:10  Terran Vehicle Weapons Level 2  
  151  11:12  Siege Tank  
  151  11:13  SCV  
  151  11:14  Siege Tank  
  151  11:16  SCV  
  151  11:18  SCV  
  160  11:19  Marine x2  
  160  11:25  SCV  
  163  11:28  SCV  
  164  11:35  Factory  
  164  11:36  Factory  
  164  11:42  Missile Turret x2  
  164  11:44  Siege Tank  
  164  11:46  Siege Tank  
  169  11:55  Marine  
  169  11:56  Marine x3  
  169  11:59  Marine x3  
  173  12:04  Marine  
  173  12:05  Marine, Liberator x2  
  180  12:10  SCV x2  
  180  12:11  SCV  
  180  12:13  Marine x2  
  180  12:14  Marine x2  
  180  12:17  Marine x3, Siege Tank  
  180  12:18  Orbital Command  
  180  12:21  Siege Tank  
  180  12:22  Factory Tech Lab  
  188  12:25  Factory Tech Lab  
  188  12:32  Marine  
  188  12:33  Marine  
  188  12:34  Missile Turret, Marine  
  191  12:48  Liberator  
  194  12:53  Liberator  
  194  12:54  Siege Tank  
  200  13:18  Terran Infantry Weapons Level 3, Terran Infantry Armor Level 3  
  200  13:24  Marine  
  200  13:25  Siege Tank  
  198  13:29  Orbital Command  
  198  13:33  Terran Vehicle Weapons Level 3  
  198  13:38  Siege Tank  
  198  13:40  Marine  
  196  13:46  Refinery  
  196  13:48  Refinery  
  196  13:53  Siege Tank  
  199  13:59  Command Center  
  199  14:01  Command Center  
  199  14:08  Command Center  
  199  14:09  Sensor Tower  
  199  14:10  Missile Turret  
  199  14:11  Missile Turret  
  187  14:17  Marine, Siege Tank  
  187  14:18  Marine x7  
  187  14:19  Marine  
  187  14:21  SCV x2  
  187  14:22  SCV  
  174  14:25  Siege Tank  
  174  14:29  SCV  
  178  14:33  SCV  
  178  14:34  SCV x2  
  178  14:38  Siege Tank  
  182  14:41  SCV, Medivac x2  
  182  14:45  Siege Tank  
  188  14:49  Siege Tank  
  192  14:56  Command Center  
  191  15:07  Command Center  
  191  15:14  Orbital Command x2  
  191  15:16  Siege Tank  
  191  15:17  Siege Tank  
  191  15:19  Marine x2  
  191  15:20  Marine  
  200  15:25  Siege Tank x2  
  183  15:31  SCV x3  
  183  15:32  SCV  
  169  15:47  SCV  
  169  15:48  Siege Tank  
  169  15:49  Siege Tank  
  177  15:51  Refinery  
  173  15:57  Siege Tank x2  
  173  16:02  Marine x2  
  171  16:05  Marine x2  
  173  16:15  Marine x2  
  175  16:21  Orbital Command  
  181  16:29  Sensor Tower  
  184  16:37  Marine  
  189  16:45  Thor x3  
  189  16:46  Missile Turret  
  197  16:47  Missile Turret  
  197  16:48  Thor  
  187  16:58  Medivac  
  187  16:59  Medivac  
  187  17:00  Marine x3  
  187  17:01  Marine x2  
  187  17:02  Marine x2  
  187  17:04  Orbital Command  
  186  17:09  Barracks  
  186  17:10  Marine x2  
  180  17:16  Barracks  
  180  17:19  Barracks  
  180  17:21  SCV x2  
  180  17:22  SCV x2  
  147  17:24  SCV  
  147  17:28  Siege Tank x2  
  153  17:33  SCV  
  153  17:34  SCV  
  152  17:41  Siege Tank  
  156  17:46  Orbital Command x2  
  157  17:55  Siege Tank  
  157  17:57  Marine x3  
  157  17:58  Marine x2  
  163  18:00  Siege Tank x2  
  163  18:03  Marine x4  
  164  18:13  Siege Tank  
  164  18:15  Marine x4  
  164  18:16  Marine  
  172  18:20  Refinery  
  172  18:21  Marine x2  
  172  18:22  Marine x2  
  176  18:27  Siege Tank  
  176  18:31  Missile Turret x2  
  176  18:32  Marine, Siege Tank  
  183  18:34  Marine x4  
  183  18:38  Terran Vehicle And Ship Armor Level 1  
  183  18:39  Marine  
  188  18:46  Siege Tank  
  191  18:56  Missile Turret  
  191  18:57  Missile Turret  
  188  19:08  Sensor Tower  
  188  19:09  Siege Tank  
  191  19:10  Siege Tank  
  191  19:14  Marine  
  166  19:37  Siege Tank x2  
  168  19:50  Siege Tank x2  
  168  19:51  Marine x5  
  178  19:53  Marine x2  
  178  19:54  Marine x2  
  178  19:59  Medivac x2  
  186  20:08  Marine  
  186  20:09  Marine  
  188  20:29  Liberator x2  
  188  20:31  Command Center  
  194  20:40  Thor  
  194  20:41  Marine  
  186  20:46  Marine  
  186  20:47  Marine  
  188  20:56  Thor  
  184  21:18  Thor  
  182  21:29  Viking x2  
  185  21:45  Orbital Command  
  180  21:47  Orbital Command  
  180  21:54  Siege Tank x2  
  167  22:12  Marine  
  161  22:32  Orbital Command  
  161  22:36  Siege Tank  
  161  22:39  Marine  
  161  22:42  Marine  
Show
View Real Time Build Order
Export as new Build Order

Denver Zerg - Winner!

Build Orders: Hatch First 

Get SALT Encoding   

  12  0:00  Drone  
  13  0:13  Overlord  
  13  0:17  Drone  
  14  0:31  Drone  
  14  0:32  Drone  
  16  0:50  Hatchery  
  16  0:53  Drone  
  16  0:57  Drone  
  16  1:01  Drone  
  18  1:11  Extractor  
  17  1:16  Spawning Pool  
  16  1:20  Drone  
  16  1:24  Drone  
  18  1:30  Drone  
  19  1:40  Drone  
  20  1:51  Drone  
  21  2:02  Queen x2  
  21  2:03  Zergling x4  
  27  2:11  Overlord  
  27  2:13  Metabolic Boost  
  27  2:18  Drone  
  28  2:24  Extractor  
  28  2:25  Drone  
  29  2:38  Spore Crawler  
  29  2:41  Drone x3, Extractor  
  31  2:50  Drone  
  33  2:52  Extractor  
  33  2:53  Overlord  
  33  2:54  Queen  
  33  2:55  Drone  
  33  2:56  Drone  
  36  3:08  Overlord  
  36  3:10  Extractor  
  36  3:13  Drone  
  36  3:14  Drone x3  
  40  3:23  Hatchery  
  40  3:27  Drone x2  
  40  3:33  Queen  
  44  3:35  Drone  
  45  3:43  Zergling x2  
  45  3:44  Zergling x8  
  50  3:54  Zergling x4  
  51  3:59  Drone  
  51  4:00  Roach Warren  
  50  4:05  Queen  
  50  4:06  Overlord  
  52  4:12  Overlord  
  52  4:16  Extractor  
  51  4:19  Overlord  
  51  4:26  Zergling x8  
  50  4:41  Roach  
  50  4:42  Roach x6  
  50  4:44  Roach  
  61  4:50  Roach  
  62  4:56  Drone x4  
  62  4:57  Drone  
  67  5:02  Drone x2  
  69  5:12  Overlord  
  69  5:21  Drone  
  69  5:22  Drone x6  
  69  5:28  Lair  
  72  5:33  Drone  
  72  5:34  Drone x2  
  72  5:35  Spore Crawler  
  74  5:36  Drone  
  74  5:38  Drone  
  74  5:39  Drone  
  77  5:43  Overlord  
  77  5:50  Overlord  
  77  5:53  Zergling x2  
  77  5:54  Zergling x8  
  82  5:59  Overlord  
  82  6:03  Extractor  
  81  6:09  Overlord  
  81  6:12  Drone x3  
  81  6:15  Drone  
  81  6:16  Drone x4  
  87  6:22  Drone x3  
  87  6:24  Overlord  
  87  6:25  Overlord  
  87  6:27  Glial Reconstitution  
  87  6:32  Roach x3  
  93  6:37  Roach  
  93  6:38  Roach  
  93  6:39  Overlord x2  
  97  6:43  Overlord  
  97  6:46  Ravager x4  
  101  6:47  Roach x2  
  101  6:51  Extractor  
  101  6:53  Evolution Chamber, Extractor  
  101  6:54  Evolution Chamber  
  101  6:57  Drone x4  
  101  6:59  Extractor  
  105  7:01  Drone x2  
  105  7:05  Drone x2  
  108  7:08  Drone  
  108  7:14  Drone  
  110  7:17  Ravager x2  
  109  7:24  Roach x8  
  122  7:33  Drone x4  
  122  7:36  Zerg Ground Armor Level 1  
  126  7:37  Zerg Melee Weapons Level 1  
  126  7:44  Drone x3  
  126  7:45  Drone  
  126  7:51  Overlord  
  127  7:52  Overseer  
  127  7:54  Baneling Nest  
  127  7:57  Hatchery  
  125  7:58  Overlord  
  125  8:03  Overlord  
  125  8:10  Zergling x18  
  134  8:19  Overlord  
  134  8:22  Overlord x2  
  134  8:23  Queen  
  134  8:24  Infestation Pit  
  134  8:25  Pneumatized Carapace  
  135  8:28  Drone x4  
  135  8:33  Drone  
  140  8:34  Spire  
  140  8:35  Zergling x6  
  140  8:40  Centrifical Hooks  
  142  8:45  Drone x4  
  146  8:50  Ravager x2  
  146  8:53  Roach  
  146  8:54  Roach x3  
  157  8:55  Evolution Chamber  
  157  8:59  Baneling x7  
  157  9:00  Baneling x6  
  156  9:09  Hive  
  156  9:11  Burrow  
  156  9:17  Infestor x2  
  156  9:22  Extractor  
  159  9:27  Overlord, Overseer  
  159  9:29  Zergling x14, Hatchery  
  165  9:32  Overlord  
  163  9:41  Zerg Ground Armor Level 2, Zerg Melee Weapons Level 2  
  163  9:44  Drone x5  
  163  9:45  Drone  
  168  9:47  Overlord  
  168  9:49  Overlord  
  166  9:55  Zergling x14  
  166  9:58  Zerg Missile Weapons Level 1  
  172  10:07  Zergling x2  
  172  10:08  Zergling x18  
  182  10:28  Ultralisk Cavern  
  182  10:30  Adrenal Glands  
  181  10:35  Zergling x2  
  181  10:36  Zergling x30  
  181  10:39  Viper  
  200  10:42  Overseer  
  200  10:53  Baneling x5  
  200  11:00  Overlord  
  200  11:01  Overlord x2  
  198  11:21  Overlord  
  198  11:31  Baneling x17  
  198  11:32  Baneling x2  
  198  11:34  Hatchery, Chitinous Plating  
  169  12:09  Ultralisk x5  
  169  12:11  Drone  
  176  12:18  Extractor  
  169  12:24  Drone x3, Extractor  
  169  12:27  Spore Crawler  
  169  12:28  Zerg Ground Armor Level 3, Spore Crawler x2  
  168  12:49  Spore Crawler  
  167  12:53  Anabolic Synthesis, Zerg Missile Weapons Level 2  
  167  12:54  Zerg Melee Weapons Level 3, Spire  
  167  12:58  Zergling x40, Roach  
  185  12:59  Roach  
  185  13:01  Drone x9  
  199  13:09  Extractor  
  198  13:13  Spine Crawler, Spore Crawler  
  198  13:14  Spine Crawler, Extractor  
  198  13:16  Spine Crawler  
  191  13:23  Drone  
  183  13:29  Drone  
  176  14:04  Extractor  
  176  14:07  Zerg Flyer Weapons Level 1  
  176  14:08  Corruptor  
  176  14:09  Corruptor x11  
  191  14:23  Ultralisk x5  
  195  14:32  Drone  
  195  14:33  Drone  
  195  14:34  Drone x3  
  200  14:48  Hatchery  
  200  14:51  Baneling  
  200  14:52  Baneling x22  
  197  15:23  Infestor  
  183  15:35  Ultralisk x7  
  194  15:36  Zergling x2  
  194  15:37  Zergling x8  
  199  15:57  Hatchery  
  188  16:09  Zergling x2  
  188  16:10  Zergling x20, Ultralisk  
  195  16:13  Baneling  
  195  16:14  Baneling x9  
  195  16:22  Drone x5  
  198  16:43  Zerg Flyer Weapons Level 2, Zerg Missile Weapons Level 3  
  194  17:05  Spore Crawler  
  192  17:14  Zergling x26  
  150  17:23  Ultralisk x7  
  150  17:25  Drone x7  
  197  17:39  Spire  
  196  17:46  Drone x4  
  183  18:11  Zergling x2  
  183  18:12  Zergling x32  
  200  18:24  Spore Crawler  
  200  18:25  Spore Crawler x2  
  196  18:47  Infestor  
  196  18:54  Greater Spire  
  194  19:08  Overseer  
  194  19:09  Overlord  
  182  19:30  Ultralisk  
  182  19:31  Ultralisk x5  
  180  19:37  Zergling x28  
  182  19:44  Queen x2  
  184  19:47  Infestor  
  184  19:48  Infestor x2  
  190  20:07  Brood Lord x5  
  190  20:09  Zerg Flyer Armor Level 1, Zerg Flyer Weapons Level 3  
  200  20:17  Pathogen Glands  
  199  20:38  Overlord x3  
  192  20:49  Overlord  
  192  20:54  Overlord  
  191  20:58  Hatchery  
  191  21:00  Overseer x2  
  190  21:04  Baneling x12  
  190  21:05  Baneling x2  
  190  21:14  Neural Parasite  
  188  21:20  Corruptor  
  188  21:21  Corruptor x5  
  197  21:41  Zergling x2  
  197  21:42  Zergling x4  
  200  21:54  Zergling x20  
  199  22:13  Zergling x22  
  194  22:16  Baneling x22  
  194  22:21  Baneling x6  
  177  22:37  Brood Lord x9  
  174  22:47  Zergling x44  
Tags
 
Add a new tag
Caveats
  • Supply blocks, unpowered buildings, or Contaminate may cause inaccurate times.
  • Supply counts are checked every 10 seconds.